 Dungeon Crawl Stone Soup version 0.29.1-1-gd02db6906a (webtiles) character file.

Game seed: 16558455773955155309

233 fireball365 the Digger (level 5, -1/39 HPs)
             Began as a Demigod Earth Elementalist on Oct 7, 2022.
             Slain by a river rat (6 damage)
             ... on level 3 of the Dungeon.
             The game lasted 00:17:43 (2678 turns).

fireball365 the Digger (Demigod Earth Elementalist) Turns: 2678, Time: 00:17:44

Health: -1/39      AC:  8    Str: 13    XL:     5   Next: 45%
Magic:  10/13      EV: 10    Int: 17    God:
Gold:   120        SH:  0    Dex: 14    Spells: 9/10 levels left

rFire   . . .      SeeInvis .   o - +0 hammer
rCold   . . .      Faith    .   (no shield)
rNeg    . . .      Spirit   .   d - +0 ring mail
rPois   .          Reflect  .   t - +0 hat
rElec   .          Harm     .   m - +2 cloak
rCorr   .          Rampage  .   (no gloves)
Will    .....                   (no boots)
Stlth   +.........              (no amulet)
HPRegen 0.13/turn               c - ring of wizardry
MPRegen 0.13/turn               (no ring)

@: mighty, flying (expiring)
A: high MP 1, forlorn, divine attributes
a: no special abilities


You were on level 3 of the Dungeon.
You visited 1 branch of the dungeon, and saw 3 of its levels.

You collected 120 gold pieces.

Inventory:

Hand Weapons
 j - a +3 quarterstaff of chaos
 k - a +1 rapier
 o - a +0 hammer (weapon)
Missiles
 h - 27 stones
Armour
 a - a +0 helmet
 d - a +0 ring mail (worn)
 m - a +2 cloak (worn)
 t - a +0 hat (worn)
Jewellery
 c - a ring of wizardry (left hand)
Scrolls
 l - a scroll of enchant weapon
 p - a scroll of amnesia
 q - a scroll of magic mapping
Potions
 b - a potion of magic
 e - a potion of haste
 n - a potion of might


   Skills:
 + Level 0.8 Fighting
 + Level 0.3 Short Blades
 + Level 0.8 Armour
 + Level 1.8 Dodging
 + Level 2.1 Stealth
 + Level 3.4 Spellcasting
 + Level 0.8 Transmutations
 + Level 4.3 Earth Magic


You had 9 spell levels left.
You knew the following spells:

 Your Spells              Type           Power      Damage    Failure   Level
a - Sandblast             Erth           34%        2d9       2%          1

Your spell library contained the following spells:

 Spells                   Type           Power      Damage    Failure   Level
 Passwall                 Tmut/Erth      9%         N/A       8%          2
 Stone Arrow              Conj/Erth      20%        3d8       17%         3
 Gell's Gravitas          Tloc           2%         N/A       38%         3
 Lesser Beckoning         Tloc           2%         N/A       38%         3
 Teleport Other           Tloc           2%         N/A       38%         3
 Petrify                  Tmut/Erth      11%        N/A       43%         4


Dungeon Overview and Level Annotations

Branches:
Dungeon (3/15)

Portals:
Sewer: D:3


Innate Abilities, Weirdness & Mutations

You have an increased reservoir of magic. (+10% MP)
You shall have no god before yourself.
Your divine heritage dramatically boosts your attributes as you level up.


Message History

The giant cockroach attacks as you move away!
The giant cockroach closely misses you.
You are starting to lose your buoyancy.
Casting: Sandblast (safe; 2% risk of failure)
Confirm with . or Enter, or press ? or * to list all spells.
Aiming: Sandblast (safe; 2% risk of failure)
Press: ? - help, Shift-Dir - straight line, f/p - river rat
Aim: a river rat (heavily wounded, 80% to hit)
The blast of sand hits the river rat but does no damage.
The river rat is heavily wounded.
The giant cockroach completely misses you.
The giant cockroach bites you.
* * * LOW HITPOINT WARNING * * *
Casting: Sandblast (safe; 2% risk of failure)
Confirm with . or Enter, or press ? or * to list all spells.
Aiming: Sandblast (safe; 2% risk of failure)
Press: ? - help, Shift-Dir - straight line, f/p - river rat
Aim: a river rat (heavily wounded, 80% to hit)
The blast of sand hits the river rat.
The river rat is almost dead.
The river rat barely misses you.
The giant cockroach bites you but does no damage.
The river rat barely misses you. The giant cockroach bites you.
* * * LOW HITPOINT WARNING * * *
You sock the river rat!
You kill the river rat!
The giant cockroach bites you but does no damage.
The river rat bites you but does no damage.
You hit the river rat.
The river rat is moderately wounded.
The giant cockroach bites you.
* * * LOW HITPOINT WARNING * * *
The river rat misses you. The rat barely misses you.
The giant cockroach bites you but does no damage.
The river rat barely misses you. The rat closely misses you.
You barely miss the river rat.
The river rat is moderately wounded.
The giant cockroach bites you but does no damage.
The river rat bites you.
You die...

............#.#....##.###
~~~.......#.#.#....# ..##
~~~~..........#....###..#
~∩~~..###.......#####....
~~~~..# #.......'...)....
~~~....###......#####....
....................'....
.......r†...........#....
.......B@.........#######
####...r.........##
#.........#.#.#
#.........#.#.#
#..............
#.........#.####
#######...#.# #####.# #.#


You could see a river rat, a giant cockroach and a rat.

Vanquished Creatures
  2 jellies (D:2)
  Crazy Yiuf (D:2)
  An adder (D:2)
  4 gnolls (D:3)
  A river rat (D:3)
  3 worms (D:2)
  2 dart slugs (D:1)
  14 endoplasms
  4 giant cockroaches
  3 goblins
  3 hobgoblins
  3 jackals (D:1)
  2 quokkas
  5 ball pythons
  5 bats
  4 frilled lizards
  10 kobolds
  7 rats
74 creatures vanquished.

Vanquished Creatures (others)
  12 fungi (D:2)
  8 toadstools (D:2)
20 creatures vanquished.

Grand Total: 94 creatures vanquished

Notes
Turn   | Place    | Note
-------+----------+-------------------------------------------
     0 | D:1      | fireball365 the Demigod Earth Elementalist began the quest
                  | for the Orb.
     0 | D:1      | Reached XP level 1. HP: 14/14 MP: 5/5
    45 | D:1      | Reached skill level 3 in Earth Magic
   140 | D:1      | Reached XP level 2. HP: 9/20 MP: 4/7
   420 | D:1      | You fall into a shaft and drop 1 floor!
   951 | D:1      | Reached XP level 3. HP: 24/26 MP: 9/9
  1338 | D:2      | Found a runed translucent door.
  1339 | D:2      | Noticed Crazy Yiuf
  1941 | D:2      | Reached XP level 4. HP: 33/33 MP: 5/11
  1949 | D:2      | Reached skill level 4 in Earth Magic
  2206 | D:2      | Killed Crazy Yiuf
  2207 | D:2      | Reached XP level 5. HP: 34/39 MP: 7/12
  2669 | D:3      | Found a glowing drain.
  2678 | D:3      | Slain by a river rat

Illustrated notes

Levels and vault maps discovered:
D:1:      dpeg_arrival_renting, layout_rooms, basic_ecumenical_altar,
          serial_glass, glass_columns_a, glass_columns_c, minmay_unequal
D:2:      cheibrodos_fertilizer, layout_basic, basic_altar,
          minmay_misc_feat_chi, minmay_stone_trees_small,
          uniq_crazy_yiuf_cottage
D:3:      layout_basic, tgw_trog, grunt_temple_overflow_diamond,
          portal_sewer_entry_a

Skill      XL: |  1  2  3  4  5 |
---------------+----------------+-----
Earth Magic    | 3 4 |  4.3
Spellcasting   | 2 3 |  3.4
Stealth        | 2 |  2.1
Fighting       | |  0.8
Short Blades   | |  0.3
Armour         | |  0.8
Dodging        | |  1.8
Transmutations | |  0.8

Action                   |  1- 3 |  4- 6 || total
-------------------------+-------+-------++-------
Melee: Unarmed           |     1 |       ||     1
       Whip              |    17 |       ||    17
       Rapier            |     9 |    37 ||    46
       Mace              |       |    16 ||    16
 Cast: Sandblast         |    83 |    27 ||   110
  Use: Scroll            |     4 |     3 ||     7
       Potion            |       |     6 ||     6
 Stab: Sleeping          |     1 |       ||     1
Armor: Robe              |    17 |       ||    17
       Ring mail         |    12 |    25 ||    37
Dodge: Dodged            |    52 |    41 ||    93
